 Dungeon Sprint DCSS version 0.21-a0-400-g417d9d2 (webtiles) character file.

3226 Amnesiac the Unseen (level 9, -1/58 HPs)
             Began as a Demonspawn Earth Elementalist on Oct 20, 2017.
             Was an Elder of Dithmenos.
             Slain by a deep troll (2 damage)
             ... in the Dungeon (Sprint I: "Red Sonja").
             The game lasted 00:07:13 (1460 turns).

Amnesiac the Unseen (Demonspawn Earth Elementalist) Turns: 1460, Time: 00:07:14

Health: -1/58      AC:  4    Str:  8    XL:     9   Next: 66%
Magic:  0/15       EV: 11    Int: 18    God:    Dithmenos [****..]
Gold:   207        SH:  3    Dex: 16    Spells: 4/16 levels left

rFire    . . .     SeeInvis .   i - +0 dagger
rCold    . . .     Gourm    .   w - +0 buckler
rNeg     . . .     Faith    .   c - +0 robe
rPois    .         Spirit   +   (helmet restricted)
rElec    .         Reflect  .   (no cloak)
rCorr    .         Harm     .   v - +0 pair of gloves
MR       .....     NoTele   +   (no boots)
Stlth    ++++++++++             (no amulet)
HPRegen  0.19/turn              (no ring)
MPRegen  0.14/turn              (no ring)

@: wreathed by umbra
A: horns 1, rugged brown scales 1, nightstalker 2, magic shield
a: Shadow Step, Renounce Religion


You were in the Dungeon.
You worshipped Dithmenos.
Dithmenos was greatly pleased with you.
You were not hungry.

You visited 1 branch You collected 718 gold pieces.
You spent 511 gold pieces at shops.

Inventory:

Hand Weapons
 g - a +0 blowgun
 i - a +0 dagger (weapon)
 n - a +1 dagger of venom
Missiles
 b - 14 stones (quivered)
 o - 8 curare-tipped needles
Armour
 c - a +0 robe (worn)
 v - a +0 pair of gloves (worn)
 w - a +0 buckler (worn)
Wands
 a - a wand of flame (8/48)
 u - a wand of iceblast (7/15)
Scrolls
 d - a scroll of fear {!r}
 f - a scroll of summoning {!r}
 j - 3 scrolls of blinking {!r}
 l - 2 scrolls of identify {!r, unknown}
 r - a scroll of random uselessness {!r, unknown}
Potions
 e - a potion of curing {!q}
 h - a potion of magic {!q}
 m - 2 potions of cancellation {!q}
 p - a potion of brilliance {!q, unknown}
 q - a potion of mutation {!q, unknown}
 s - a potion of resistance {!q, unknown}
 t - 2 potions of might {!q, unknown}
Books
 k - a book of Geomancy

   Spells                             Type                      Level
   a - Sandblast                      Earth                        1
   b - Passwall                       Transmutation/Earth          2
   c - Stone Arrow                    Conjuration/Earth            3
   d - Petrify                        Transmutation/Earth          4
   e - Lee's Rapid Deconstruction     Earth                        5


   Skills:
 - Level 9.9 Short Blades
 - Level 1.7 Dodging
 - Level 17.3 Stealth
 + Level 4.2 Spellcasting
 - Level 0.8 Transmutations
 * Level 6.0 Earth Magic


You had 4 spell levels left.
You knew the following spells:

 Your Spells              Type           Power        Failure   Level  Hunger
a - Sandblast             Erth           ####..       1%          1    None
b - Passwall              Tmut/Erth      ###.......   9%          2    ##.....
d - Lee's Rapid Deconstr  Erth           ####......   50%         5    ######.
e - Petrify               Tmut/Erth      ###.....     50%         4    ####...


Dungeon Overview and Level Annotations

Branches:
Dungeon (1/1)

Altars:
Cheibriados
Dithmenos
Elyvilon
Fedhas
Gozag
Hepliaklqana
Kikubaaqudgha
Makhleb
Nemelex Xobeh
Okawaru
Qazlal
Ru
Sif Muna
Trog
Uskayaw
Vehumet
Wu Jian
Xom
Yredelemnul
Zin
The Shining One
Jiyva
Lugonu

Shops:
D *?[


Innate Abilities, Weirdness & Mutations

You have a pair of small horns on your head.
You are partially covered in rugged brown scales. (AC +1, +3% HP)
You are significantly more attuned to the shadows.
When hurt, damage is shared between your health and your magic reserves.


Message History

You finish merging with the rock.
You start resting.
You start resting.
You start resting.
Magic restored.
You start resting.
Magic restored.
Casting: Passwall
Confirm with . or Enter, or press ? or * to list all spells.
Which direction?
You begin to meditate on the wall.
You continue meditating on the rock. x2
You finish merging with the rock.
Casting: Passwall
Confirm with . or Enter, or press ? or * to list all spells.
Which direction?
You begin to meditate on the wall.
You continue meditating on the rock. x2
You finish merging with the rock.
The deep troll shouts!
Found 108 gold pieces.
Casting: Passwall
Confirm with . or Enter, or press ? or * to list all spells.
The spell is very dangerous to cast!
Continue anyway? [Y]es or [N]o only, please.
The spell is very dangerous to cast!
Continue anyway?
Okay, then.
Casting: Petrify
Confirm with . or Enter, or press ? or * to list all spells.
The spell is very dangerous to cast!
Continue anyway? [Y]es or [N]o only, please.
The spell is very dangerous to cast!
Continue anyway?
Okay, then.
Okay, then.
Casting: Petrify
Confirm with . or Enter, or press ? or * to list all spells.
The spell is very dangerous to cast!
Continue anyway? [Y]es or [N]o only, please.
The spell is very dangerous to cast!
Continue anyway?
Aiming: Petrify
Press: ? - help, Shift-Dir - straight line, f - deep troll
Aim: a deep troll (umbra, chance to defeat MR: 29%)
You miscast Petrify.
You are very lightly contaminated with residual magic.
Sand pours from your hands. The deep troll bites you.
The deep troll closely misses you. The deep troll claws you!!
* * * LOW HITPOINT WARNING * * *
You see here 27 gold pieces.
You see here 27 gold pieces.
Casting: Petrify
Confirm with . or Enter, or press ? or * to list all spells.
The spell is very dangerous to cast!
Continue anyway? [Y]es or [N]o only, please.
The spell is very dangerous to cast!
Continue anyway?
Okay, then.
You open the door. The deep troll closely misses you.
You block the deep troll's attack. The deep troll claws you!
* * * LOW HITPOINT WARNING * * *
There is an open door here.
Really quaff
m - 3 bubbling grey potions {!q}?
It was a potion of cancellation {!q}.
You feel magically purged.
Your magical contamination has completely faded away.
The deep troll bites you!
* * * LOW HITPOINT WARNING * * *
The deep troll claws you.
You die...

####'#####'#__####)..'..#h#.###hh
###..#...#[####,,#####..+.#+#$###
__####..##.#≈≈≈,,*,,*#+####^.$#y#
_____##'#_.+≈≈≈,,+,,#.^...#..{###
_.∩...'..._#≈≈≈,,*,,#§§...'..$$$#
_..__##_.#+##+###**+###..§#.....#
_____###+#.#([..###,+,*..§###++##
########.####+###.##*,*§.##*,,***
......'...+$$.$T@)∩#*,*,,****,,**
+++####.†.##########*,**+*,,*,,*,
,,,,**##.###.......##,**,*,,,,,,,
,,,,,*,#+#,#........+,****,,,,,,,
,,,,,*,,,,,#+++######,*,,+,,,,,,*
,,,,,*,,,,,*,,,,,,,,*,*****,,,***
,,*,,*******,,,,,,,*+,*,,,*****,,
,,,,,**,,,,,,,,,,,≈****,,,,,,,,,*
,,,,,**,,,,,,,,,,≈≈**,,,,,,,*****


You could see a deep troll.

Vanquished Creatures
  Sonja (D)
  A lindwurm (D)
  2 kobold demonologists (D)
  3 demonic crawlers (D)
  A slime creature (D)
  Sigmund (D)
  2 hogs (D)
  A yak (D)
  A floating eye (D)
  An ogre (D)
  A jelly (D)
  Ijyb (D)
16 creatures vanquished.

Vanquished Creatures (others)
  A gargoyle (D)
  9 hogs (D)
10 creatures vanquished.

Grand Total: 26 creatures vanquished

Notes
Turn   | Place    | Note
-------+----------+-------------------------------------------
     0 | D        | Amnesiac the Demonspawn Earth Elementalist began the quest for the Orb.
     0 | D        | Reached XP level 1. HP: 13/13 MP: 3/3
     1 | D        | Noticed Ijyb
    18 | D        | Killed Ijyb
    18 | D        | Reached skill level 6 in Stealth
    18 | D        | Gained mutation: When hurt, damage is shared between your health and your magic reserves. [demonic ancestry]
    18 | D        | Reached XP level 2. HP: 11/19 MP: 1/5
   143 | D        | Learned a level 2 spell: Passwall
   213 | D        | Noticed Sigmund
   215 | D        | Killed Sigmund
   215 | D        | Reached XP level 3. HP: 24/24 MP: 1/6
   215 | D        | Gained mutation: You are slightly more attuned to the shadows. [demonic ancestry]
   215 | D        | Reached XP level 4. HP: 30/30 MP: 1/7
   215 | D        | Gained mutation: You are partially covered in rugged brown scales. (AC +1, +3% HP) [demonic ancestry]
   215 | D        | Reached XP level 5. HP: 30/36 MP: 1/8
   265 | D        | Learned a level 4 spell: Petrify
   363 | D        | Killed a gargoyle
   396 | D        | Noticed an ogre
   396 | D        | Killed an ogre
   396 | D        | Reached skill level 7 in Stealth
   396 | D        | Gained mutation: You are significantly more attuned to the shadows. [demonic ancestry]
   396 | D        | Reached XP level 6. HP: 42/42 MP: 6/9
   428 | D        | Found a stormy altar of Qazlal.
   428 | D        | Found a blossoming altar of Fedhas.
   428 | D        | Found a bloodstained altar of Trog.
   428 | D        | Found an iron altar of Okawaru.
   428 | D        | Found a glowing golden altar of the Shining One.
   428 | D        | Found Posujum's Magic Scroll Emporium.
   428 | D        | Found a glowing silver altar of Zin.
   428 | D        | Found an ancient bone altar of Kikubaaqudgha.
   428 | D        | Found a white marble altar of Elyvilon.
   428 | D        | Found a hazy altar of Hepliaklqana.
   428 | D        | Found a hide-covered altar of Uskayaw.
   428 | D        | Found a basalt altar of Yredelemnul.
   428 | D        | Found a sparkling altar of Nemelex Xobeh.
   428 | D        | Found an opulent altar of Gozag.
   428 | D        | Found a snail-covered altar of Cheibriados.
   428 | D        | Found a sacrificial altar of Ru.
   428 | D        | Found a shadowy altar of Dithmenos.
   428 | D        | Noticed a yak
   428 | D        | Killed a yak
   428 | D        | Reached skill level 9 in Stealth
   433 | D        | Became a worshipper of Dithmenos the Shadowed
   439 | D        | Found a deep blue altar of Sif Muna.
   439 | D        | Found a radiant altar of Vehumet.
   439 | D        | Found an ornate altar of the Wu Jian Council.
   516 | D        | Bought a scroll of magic mapping for 35 gold pieces
   518 | D        | Bought 2 scrolls of blinking for 150 gold pieces
   593 | D        | Found a burning altar of Makhleb.
   593 | D        | Found a viscous altar of Jiyva.
   593 | D        | Found a shimmering altar of Xom.
   593 | D        | Found a corrupted altar of Lugonu.
   593 | D        | Noticed a slime creature
   593 | D        | Killed a slime creature
   593 | D        | Reached skill level 11 in Stealth
   593 | D        | Reached XP level 7. HP: 47/47 MP: 7/10
   631 | D        | Noticed a kobold demonologist
   631 | D        | Noticed a kobold demonologist
   631 | D        | Killed a kobold demonologist
   631 | D        | Reached * piety under Dithmenos
   631 | D        | Reached skill level 13 in Stealth
   634 | D        | Killed a kobold demonologist
   634 | D        | Reached skill level 14 in Stealth
   634 | D        | Gained mutation: You have a pair of small horns on your head. [demonic ancestry]
   634 | D        | Reached XP level 8. HP: 53/53 MP: 8/11
   664 | D        | Noticed a demonic crawler
   664 | D        | Noticed a demonic crawler
   664 | D        | Noticed a demonic crawler
   664 | D        | Killed a demonic crawler
   664 | D        | Reached ** piety under Dithmenos
   664 | D        | Reached skill level 15 in Stealth
   665 | D        | Killed a demonic crawler
   666 | D        | Killed a demonic crawler
   666 | D        | Reached skill level 16 in Stealth
   666 | D        | Reached XP level 9. HP: 58/58 MP: 9/12
   693 | D        | Noticed a lindwurm
   693 | D        | Killed a lindwurm
   693 | D        | Reached *** piety under Dithmenos
   693 | D        | Reached skill level 17 in Stealth
   828 | D        | Noticed a meliai
  1095 | D        | Bought a scroll of fear for 35 gold pieces
  1095 | D        | Bought a scroll of summoning for 95 gold pieces
  1101 | D        | Learned a level 5 spell: Lee's Rapid Deconstruction
  1273 | D        | Noticed Sonja
  1273 | D        | Killed Sonja
  1273 | D        | Reached **** piety under Dithmenos
  1290 | D        | Found Tefomotz's Assorted Antiques.
  1296 | D        | Bought a bubbling orange potion for 24 gold pieces
  1296 | D        | Bought a bubbling grey potion for 24 gold pieces
  1296 | D        | Bought a scroll labeled OWOSHR AJIRASIF for 27 gold pieces
  1296 | D        | Bought a lumpy orange potion for 24 gold pieces
  1296 | D        | Bought a fuming emerald potion for 24 gold pieces
  1296 | D        | Bought a fuming emerald potion for 24 gold pieces
  1348 | D        | Found Bypruofiulo's Armour Emporium.
  1356 | D        | Bought a +0 buckler for 49 gold pieces
  1455 | D        | Noticed a deep troll
  1460 | D        | HP: 1/58 [deep troll (11)]
  1460 | D        | Slain by a deep troll

Vault maps used:
D:        dungeon_sprint_1

Skill      XL: |  1  2  3  4  5  6  7  8  9 |
---------------+----------------------------+-----
Stealth        | 6 7 11 14 16 17 | 17.3
Short Blades   | 8 9 |  9.9
Earth Magic    | 6 |  6.0
Spellcasting   | 4 |  4.2
Dodging        | |  1.7
Transmutations | |  0.8

Action                   |  1- 3 |  4- 6 |  7- 9 || total
-------------------------+-------+-------+-------++-------
Melee: Unarmed           |    14 |       |       ||    14
       Dagger            |     1 |     3 |    10 ||    14
 Cast: Sandblast         |     3 |     3 |    10 ||    16
       Passwall          |     4 |     4 |    29 ||    37
  Use: Potion            |     1 |       |     4 ||     5
       Scroll            |       |     1 |       ||     1
 Stab: Sleeping          |     1 |     3 |     9 ||    13
  Eat: Bread ration      |       |       |     1 ||     1
Armor: Robe              |     1 |       |     3 ||     4
Dodge: Dodged            |     7 |       |    18 ||    25
Block: Buckler           |       |       |     1 ||     1

Table legend:
 A = Spawn XP
 B = Non-spawn XP
 C = Spawn XP percentage of total XP
 D = Spawn monster count
 E = Non-spawn monster count
 F = Spawn count percentage of total count
 G = Total turns spent on level
                    A         B        C        D         E        F      G
               +---------+---------+-------+---------+---------+-------+---------
         Total |       0 |    4609 |   0.0 |       0 |      16 |   0.0 |  1460
               +---------+---------+-------+---------+---------+-------+---------
             D |       0 |    4609 |   0.0 |       0 |      16 |   0.0 |  1460
               +---------+---------+-------+---------+---------+-------+---------
